Workbook

Sheet 基本情况
A1: 供 应 商 报 名 表 （请在绿色区域填列，不得修改与合并任何单元格，基本信息填报不全的在“特殊情况”中说明）
A3: 一、基本信息 | B3: 公司全称 | F3: 成立日期
B4: 注册地址 | F4: 企业类型 （工商登记）
B5: 在本企业缴纳社保的员工人数 | D5: 股票代码 | F5: 上市地点
B6: 注册资金 (折人民币) | D6: 增值税一般纳税人/小规模纳税人 | F6: 分支机构数量
A7: 二、联系方式 | B7: 销 售 代 表 | D7: 职务 | F7: 手机/邮箱
A8: 三、公司情况 | B8: 公司的市场份额/综合实力
B9: 公司的技术能力/服务能力
B10: 特殊情况说明

Sheet 项目案例
A1: 近三年主要合作案例（请附相关合同的首页及签章页）
A2: 客户名称 | B2: 采购产品/服务 | C2: 合同时间 | D2: 项目合同金额（选填） | E2: 备注

Sheet 1.基本信息
A1: 供应商基本信息（自动生成，不需填报）
A2: 公司全称 | B2: 公司简称 | C2: 公司核心业务或产品 | D2: 公司行业地位 | E2: 成立时间 | F2: 注册资金 | G2: 工商注册号 | H2: 主营范围 | I2: 公司主页 | J2: 本企业是否为集团内企业 | K2: 企业性质 （工商登记） | L2: 所属行业 | M2: 上市地点 | N2: 股票代码 | O2: 不同城市分支机构数量 | P2: 在本企业领取薪酬的员工总数 | Q2: 是否入围供应商 | R2: 第一销售代表 | V2: 第二销售代表 | Z2: 销售部门负责人 | AD2: 投诉负责人 | AH2: 注册地址 | AI2: 通讯地址 | AJ2: 中信银行开户行 | AK2: 银行账号 | AL2: 币种 | AM2: 账户类型 | AN2: 申请准入日期 | AO2: 法定代表人 | AP2: 组织机构代码证号 | AQ2: 税务登记号 | AR2: 税务登记证 登记地址 | AS2: 增值税 一般纳税人/小规模纳税人 | AT2: 营业税 纳税人 （是/否） | AU2: 财务部门负责人 | AY2: 客服电话
R3: 姓名 | S3: 职务 | T3: 移动电话 | U3: 电子邮箱 | V3: 姓名 | W3: 职务 | X3: 移动电话 | Y3: 电子邮箱 | Z3: 姓名 | AA3: 职务 | AB3: 移动电话 | AC3: 电子邮箱 | AD3: 姓名 | AE3: 职务 | AF3: 移动电话 | AG3: 电子邮箱 | AQ3: 税务登记号 | AR3: 税务登记证 登记地址 | AS3: 增值税 一般纳税人 （是/否） | AT3: 增值税 一般纳税人 （是/否） | AU3: 姓名 | AV3: 职务 | AW3: 移动电话 | AX3: 电子邮箱
A4: =基本情况!C3 -> 0 | B4: =基本情况!G3 -> 0 | C4: =基本情况!#REF! -> #REF! | D4: =基本情况!#REF! -> #REF! | E4: =基本情况!#REF! -> #REF! | F4: =基本情况!#REF! -> #REF! | G4: =基本情况!G4 -> 0 | H4: =基本情况!#REF! -> #REF! | I4: =基本情况!#REF! -> #REF! | J4: =基本情况!#REF! -> #REF! | K4: =基本情况!#REF! -> #REF! | L4: =基本情况!#REF! -> #REF! | M4: =基本情况!#REF! -> #REF! | N4: =基本情况!#REF! -> #REF! | O4: =基本情况!#REF! -> #REF! | P4: =基本情况!#REF! -> #REF! | R4: =基本情况!C7 -> 0 | S4: =基本情况!E7 -> 0 | T4: =基本情况!#REF! -> #REF! | U4: =基本情况!#REF! -> #REF! | V4: =基本情况!#REF! -> #REF! | W4: =基本情况!#REF! -> #REF! | X4: =基本情况!#REF! -> #REF! | Y4: =基本情况!#REF! -> #REF! | Z4: =基本情况!#REF! -> #REF! | AA4: =基本情况!#REF! -> #REF! | ... AH4: =基本情况!#REF! -> #REF! | AI4: =基本情况!C4 -> 0 | AJ4: =基本情况!#REF! -> #REF! | AK4: =基本情况!#REF! -> #REF! | AL4: =基本情况!#REF! -> #REF! | AM4: =基本情况!#REF! -> #REF! | AN4: =基本情况!#REF! -> #REF! | AO4: =基本情况!#REF! -> #REF! | AP4: =基本情况!#REF! -> #REF! | AQ4: =基本情况!#REF! -> #REF! | AR4: =基本情况!C6 -> 0 | AS4: =基本情况!#REF! -> #REF! | AT4: =基本情况!#REF! -> #REF! | AU4: =基本情况!#REF! -> #REF! | AV4: =基本情况!#REF! -> #REF! | AW4: =基本情况!#REF! -> #REF! | AX4: =基本情况!#REF! -> #REF! | AY4: =基本情况!#REF! -> #REF!

Sheet 2.财务信息
B2: 财务信息（自动生成，不需填报）
A3: 公司名称 | B3: 指标（合并口径）/年度 | C3: 2014年 | D3: 2013年 | E3: 2012年
A4: =基本情况!C3 -> 0 | B4: 总资产（万元） | C4: =基本情况!#REF! -> #REF! | D4: =基本情况!#REF! -> #REF! | E4: =基本情况!#REF! -> #REF!
A5: =基本情况!C3 -> 0 | B5: 净资产（万元） | C5: =基本情况!#REF! -> #REF! | D5: =基本情况!#REF! -> #REF! | E5: =基本情况!#REF! -> #REF!
A6: =基本情况!C3 -> 0 | B6: 销售额（万元） | C6: =基本情况!#REF! -> #REF! | D6: =基本情况!#REF! -> #REF! | E6: =基本情况!#REF! -> #REF!
A7: =基本情况!C3 -> 0 | B7: 净利润（万元） | C7: =基本情况!#REF! -> #REF! | D7: =基本情况!#REF! -> #REF! | E7: =基本情况!#REF! -> #REF!
A8: =基本情况!C3 -> 0 | B8: 总资产利润率 | C8: =基本情况!#REF! -> #REF! | D8: =基本情况!#REF! -> #REF! | E8: =基本情况!#REF! -> #REF!
A9: =基本情况!C3 -> 0 | B9: 资产负债率 | C9: =基本情况!#REF! -> #REF! | D9: =基本情况!#REF! -> #REF! | E9: =基本情况!#REF! -> #REF!
A10: =基本情况!C3 -> 0 | B10: 经营活动现金流量净额（万元） | C10: =基本情况!#REF! -> #REF! | D10: =基本情况!#REF! -> #REF! | E10: =基本情况!#REF! -> #REF!
A11: =基本情况!C3 -> 0 | B11: 期末现金及现金等价物余额（万元） | C11: =基本情况!#REF! -> #REF! | D11: =基本情况!#REF! -> #REF! | E11: =基本情况!#REF! -> #REF!

Sheet 3.股权信息
B1: 股权信息（自动生成，不需填报）
A2: 公司名称 | B2: 前十大股东名称 | C2: 出资金额 （万元） | D2: 持股比例
A3: =基本情况!C3 -> 0 | B3: =基本情况!#REF! -> #REF! | C3: =基本情况!#REF! -> #REF! | D3: =基本情况!#REF! -> #REF!
A4: =基本情况!C3 -> 0 | B4: =基本情况!#REF! -> #REF! | C4: =基本情况!#REF! -> #REF! | D4: =基本情况!#REF! -> #REF!
A5: =基本情况!C3 -> 0 | B5: =基本情况!#REF! -> #REF! | C5: =基本情况!#REF! -> #REF! | D5: =基本情况!#REF! -> #REF!
A6: =基本情况!C3 -> 0 | B6: =基本情况!#REF! -> #REF! | C6: =基本情况!#REF! -> #REF! | D6: =基本情况!#REF! -> #REF!
A7: =基本情况!C3 -> 0 | B7: =基本情况!#REF! -> #REF! | C7: =基本情况!#REF! -> #REF! | D7: =基本情况!#REF! -> #REF!
A8: =基本情况!C3 -> 0 | B8: =基本情况!#REF! -> #REF! | C8: =基本情况!#REF! -> #REF! | D8: =基本情况!#REF! -> #REF!
A9: =基本情况!C3 -> 0 | B9: =基本情况!#REF! -> #REF! | C9: =基本情况!#REF! -> #REF! | D9: =基本情况!#REF! -> #REF!
A10: =基本情况!C3 -> 0 | B10: =基本情况!#REF! -> #REF! | C10: =基本情况!#REF! -> #REF! | D10: =基本情况!#REF! -> #REF!
A11: =基本情况!C3 -> 0 | B11: =基本情况!#REF! -> #REF! | C11: =基本情况!#REF! -> #REF! | D11: =基本情况!#REF! -> #REF!
A12: =基本情况!C3 -> 0 | B12: =基本情况!#REF! -> #REF! | C12: =基本情况!#REF! -> #REF! | D12: =基本情况!#REF! -> #REF!
